 Dungeon Crawl Stone Soup version 0.15.0-18-g9076a4f (webtiles) character file.

2711 Kex the Ducker (level 9, 0/71 (74) HPs)
             Began as a Yellow Draconian Transmuter on Sept 6, 2014.
             Was a Follower of Sif Muna.
             Slain by a tentacled starspawn (16 damage)
             ... on Level 1 of the Abyss on Sept 7, 2014.
             The game lasted 01:03:27 (9906 turns).

Kex the Ducker (Yellow Draconian Transmuter)        Turns: 9906, Time: 01:03:27

HP   0/71 (74)   AC 12     Str  8      XL: 9   Next: 39%
MP  19/20        EV 16     Int 14      God: Sif Muna [*.....]
Gold 435         SH  0     Dex 15      Spells:  2 memorised, 14 levels left

rFire  . . .     SeeInvis .     n - +3 short sword (venom)
rCold  . . .     Clarity  .     (armour unavailable)
rNeg   . . .     rCorr    +     (no shield)
rPois  .         rRot     .     (helmet restricted)
rElec  .         Spirit   .     (no cloak)
SustAb .         Warding  .     r - +2 pair of gloves
rMut   .         Stasis   .     D - +1 pair of boots
Gourm  .                        (no amulet)
MR     +....                    h - cursed -4 ring of strength
                                B - ring of protection from magic

@: appendage, somewhat resistant to hostile enchantments, unstealthy
A: spit acid, acid resistance, unfitting armour, horns 2, cold-blooded, AC +7
a: Spit Acid, End Transformation, Channel Energy, Renounce Religion


You were on level 1 of the Abyss.
You worshipped Sif Muna.
Sif Muna was aware of your devotion.
You were not hungry.
You had grown temporary horns.
You visited 1 branch of the dungeon, and saw 9 of its levels.
You visited the Abyss 1 time.

You collected 435 gold pieces.

Inventory:

Hand weapons
 n - a +3 short sword of venom (weapon)
Missiles
 I - 4 arrows of flame
 J - 65 arrows
Armour
 r - a +2 pair of gloves (worn)
 D - a +1 pair of boots (worn)
Magical devices
 q - a wand of lightning (0)
 v - a wand of frost (7)
 x - a wand of frost (3)
 z - a wand of confusion (14)
 G - a wand of polymorph (10)
Comestibles
 a - 3 bread rations
 b - 9 fruits
 f - 5 meat rations
 u - a royal jelly
 E - 3 chunks of orc flesh
 H - a chunk of hobgoblin flesh
Scrolls
 i - a scroll of identify
 l - 2 scrolls of amnesia
 o - a scroll of teleportation
 s - 2 scrolls of fog
 y - 2 scrolls of recharging
 F - a scroll of fear
Jewellery
 h - a cursed -4 ring of strength (right hand)
 B - a ring of protection from magic (left hand)
Potions
 c - 2 potions of curing
 e - 2 potions of haste {unknown}
 g - a potion of poison {unknown}
 j - a potion of lignification {unknown}
 k - 3 potions of might {unknown}
 m - 2 potions of degeneration {unknown}
 p - 2 potions of agility {unknown}
 w - a potion of invisibility {unknown}
 A - a potion of porridge
 C - 3 potions of restore abilities {unknown}
 L - a potion of beneficial mutation {unknown}
Books
 d - a book of Changes

   Spells                             Type                      Level
   *Beastly Appendage                 Transmutation                1
   *Sticks to Snakes                  Transmutation                2
   Spider Form                        Transmutation/Poison         3
   Ice Form                           Ice/Transmutation            4
   Blade Hands                        Transmutation                5
Magical staves
 t - an uncursed staff of fire


   Skills:
 * Level 5.1 Fighting
 * Level 3.4 Short Blades
   Level 0.2(2.1) Long Blades
 * Level 6.5 Dodging
 + Level 1.5 Stealth
 * Level 5.7 Unarmed Combat
 + Level 4.7 Spellcasting
 * Level 5.8 Transmutations
 + Level 0.7 Evocations


You had 14 spell levels left.
You knew the following spells:

 Your Spells              Type           Power        Failure   Level  Hunger
a - Beastly Appendage     Trmt           ###...       1%          1    None
b - Sticks to Snakes      Trmt           ###.......   2%          2    ##.....


Dungeon Overview and Level Annotations

Branches:
Dungeon (9/15)             Temple (0/1) D:6
    Orc: D:9-12        Lair: D:8-11

Altars:
Elyvilon
Fedhas
Makhleb
Sif Muna
Xom

Shops:
D:7 =:

Annotations:
D:3 vogonpoet's ghost, average DsFi


Innate Abilities, Weirdness & Mutations

You can spit globs of acid.
You can corrode armour when you spit acid.
You are resistant to acid.
Your golden yellow scales are hard (AC +7).
Your body does not fit into most forms of armour.
Your cold-blooded metabolism reacts poorly to cold.
You have a pair of horns on your head.


Message History

Confirm with . or Enter, or press ? or * to list all spells.
You grow a pair of large bovine horns.
You hit the tentacled starspawn.
You headbutt the tentacled starspawn, but do no damage.
The tentacled starspawn is lightly damaged.
The tentacled starspawn bites you! The tentacled starspawn engulfs you!
You hit the tentacled starspawn.
The tentacled starspawn is lightly damaged.
The tentacled starspawn bites you!!
* * * LOW HITPOINT WARNING * * *
The tentacled starspawn engulfs you but does no damage.
You are too injured to fight recklessly!
You are too injured to fight recklessly!
You are too injured to fight recklessly!
You hit the tentacled starspawn but do no damage.
The tentacled starspawn is lightly damaged.
The tentacled starspawn bites you.
* * * LOW HITPOINT WARNING * * *
The tentacled starspawn engulfs you!
You die...

#........#...
.. ########.
# .#.# ..####
##
###...#....
#.### . ####.
#...#..X.# #
####. ##..###
##X#.#. ..# #
# #@#..##.##
.##.
######### ...
. . #. # #
..... #.# #


You could see a tentacled starspawn.

Vanquished Creatures
  A hippogriff (D:8)
  A hungry ghost (D:7)
  An orc warrior (D:8)
  An ice beast (D:6)
  A black bear (D:5)
  A necrophage (D:7)
  4 centaurs
  A sky beast (D:8)
  2 ogres (D:7)
  Blork the orc (D:5)
  2 giant frogs (D:6)
  2 scorpions
  A troll skeleton (D:8)
  3 crimson imps
  A giant frog zombie (D:8)
  An orc priest (D:7)
  6 hounds
  2 iguanas (D:8)
  A gnoll shaman (D:8)
  A jelly (D:5)
  2 worker ants (D:4)
  4 orc wizards
  Ijyb (D:4)
  A big kobold zombie (D:5)
  An ogre skeleton (D:5)
  Terence (D:1)
  13 adders
  10 gnolls
  A shadow imp (D:7)
  A worm (D:4)
  3 giant geckos
  20 orcs
  2 ball pythons
  15 hobgoblins
  3 jackals (D:5)
  2 quokkas
  13 bats
  4 giant cockroaches
  5 giant newts
  A giant newt zombie (D:1)
  A giant spore (D:7)
  8 goblins
  16 kobolds
  A kobold skeleton (D:4)
  A quokka zombie (D:6)
  18 rats
  A rat zombie (D:1)
  2 ballistomycetes (D:7)
185 creatures vanquished.

Vanquished Creatures (collateral kills)
  An ogre (D:6)
  Duvessa (D:8)
  Dowan (D:8)
  An ogre zombie (D:8)
  An ogre skeleton (D:6)
  3 gnolls
  An orc (D:3)
  A kobold (D:8)
  A rat (D:3)
11 creatures vanquished.

Grand Total: 196 creatures vanquished

Notes
Turn   | Place    | Note
--------------------------------------------------------------
     0 | D:1      | Kex, the Draconian Transmuter, began the quest for the Orb.
     0 | D:1      | Reached XP level 1. HP: 16/16 MP: 3/3
   144 | D:1      | Reached XP level 2. HP: 15/23 MP: 2/4
  1259 | D:2      | Reached XP level 3. HP: 28/28 MP: 4/6
  1437 | D:2      | Noticed Terence
  1453 | D:1      | Learned a level 2 spell: Sticks to Snakes
  1474 | D:1      | Killed Terence
  2146 | D:3      | Reached XP level 4. HP: 35/35 MP: 6/8
  2422 | D:3      | Noticed vogonpoet's ghost (average DsFi)
  3189 | D:3      | Reached XP level 5. HP: 41/41 MP: 0/9
  3558 | D:4      | Noticed Ijyb
  3585 | D:4      | Killed Ijyb
  3800 | D:4      | Reached skill level 4 in Unarmed Combat
  3839 | D:4      | Reached XP level 6. HP: 29/50 MP: 11/11
  4032 | D:4      | Found a deep blue altar of Sif Muna.
  4313 | D:4      | Became a worshipper of Sif Muna the Loreminder
  4781 | D:5      | Entered Level 5 of the Dungeon
  4834 | D:5      | Reached skill level 1 in Short Blades
  4939 | D:5      | Your scales start taking on a golden yellow colour.
  4939 | D:5      | Reached XP level 7. HP: 36/57 MP: 14/14
  4961 | D:5      | Noticed Blork the orc
  5506 | D:5      | Killed Blork the orc
  5835 | D:6      | Found a blossoming altar of Fedhas.
  5836 | D:6      | Found a white marble altar of Elyvilon.
  6081 | D:6      | Found a burning altar of Makhleb.
  6158 | D:6      | Found a staircase to the Ecumenical Temple.
  6633 | D:6      | Reached XP level 8. HP: 55/64 MP: 17/17
  6649 | D:6      | Reached skill level 5 in Transmutations
  6993 | D:7      | Found Ulalisov's Jewellery Emporium.
  7041 | D:7      | Acquired Sif Muna's first power
  7041 | D:7      | Reached skill level 1 in Stealth
  7166 | D:7      | Found a shimmering altar of Xom.
  7173 | D:7      | Found Haezoz's Book Boutique.
  7218 | D:7      | Reached skill level 5 in Dodging
  7370 | D:7      | Reached skill level 5 in Unarmed Combat
  8240 | D:7      | Noticed a hill giant
  8242 | D:7      | Noticed an ice dragon
  8242 | D:7      | a hill giant changed into an ice dragon
  8804 | D:8      | Reached skill level 6 in Dodging
  8804 | D:8      | Reached XP level 9. HP: 58/69 MP: 20/20
  9066 | D:8      | Got a smoking robe
  9292 | D:8      | Reached skill level 5 in Fighting
  9325 | D:8      | Noticed Duvessa
  9325 | D:8      | Noticed Dowan
  9346 | D:8      | Killed Duvessa
  9354 | D:8      | Killed Dowan
  9830 | D:9      | Cast into the Abyss (gnoll sergeant)
  9832 | Abyss:1  | Found a roughly hewn altar of Beogh.
  9883 | Abyss:1  | Noticed a tentacled starspawn
  9906 | Abyss:1  | Slain by a tentacled starspawn

Action                   |  1- 3 |  4- 6 |  7- 9 || total
-------------------------+-------+-------+-------++-------
Melee: Unarmed           |   112 |    58 |     3 ||   173
       Spear             |    42 |       |       ||    42
       Falchion          |       |     4 |       ||     4
       Short sword       |       |   116 |   340 ||   456
 Cast: Beastly Appendage |    33 |    35 |    56 ||   124
       Sticks to Snakes  |       |    11 |    35 ||    46
 Abil: Spit Acid         |       |       |     6 ||     6
       End Transformatio |       |       |     1 ||     1
Evoke: Wand              |       |     6 |     6 ||    12
  Use: Scroll            |     1 |     1 |    14 ||    16
 Stab: Sleeping          |     1 |       |     1 ||     2
       Distracted        |       |       |     1 ||     1
  Eat: Chunk             |     2 |     8 |    13 ||    23
       Royal jelly       |     1 |       |       ||     1
       Beef jerky        |       |     2 |     1 ||     3
       Meat ration       |       |       |     1 ||     1
